 Dungeon Crawl Stone Soup version 0.30-a0-168-g0b976cbdc4 (webtiles) character file.

Game seed: 10555572551162725330

58 gzilladon the Grave Robber (level 3, -1/25 HPs)
             Began as a Mummy Necromancer on Sept 29, 2022.
             Slain by Sigmund
             ... wielding a +0 scythe
              (6 damage)
             ... on level 3 of the Dungeon.
             The game lasted 00:12:04 (3373 turns).

gzilladon the Grave Robber (Mummy Necromancer)      Turns: 3373, Time: 00:12:04

Health: -1/25      AC:  3    Str: 11    XL:     3   Next: 76%
Magic:  7/7        EV: 11    Int: 16    God:
Gold:   127        SH:  0    Dex: 12    Spells: 7/8 levels left

rFire   . . .      SeeInvis .    p - +0 long sword
rCold   + . .      Faith    +    l - orb {*channel}
rNeg    + + +      Spirit   .    o - +0 leather armour
rPois   ∞          Reflect  .    (no helmet)
rElec   .          Harm     .    (no cloak)
rCorr   .          Rampage  .    (no gloves)
Will    .....                    (no boots)
Stlth   ++........               (no amulet)
HPRegen 0.08/turn                n - ring of protection from fire
MPRegen 0.10/turn                (no ring)

@: no status effects
A: cold resistance 1, negative energy resistance 3, torment resistance 2, heat
vulnerability 1, in touch with death 1, no potions, faith
a: no special abilities


You were on level 3 of the Dungeon.
You visited 1 branch of the dungeon, and saw 3 of its levels.

You collected 127 gold pieces.

Inventory:

Hand Weapons
 c - a +0 short sword
 d - a +0 quarterstaff
 j - a +0 whip
 p - a +0 long sword (weapon)
 q - a +0 sling
 r - a +0 spear
Missiles
 b - 9 poisoned darts
 e - 2 javelins
 k - 26 stones
Armour
 a - a +0 robe
 l - an orb of energy (worn)
 o - a +0 leather armour (worn)
 t - an orb of mayhem
Jewellery
 n - a ring of protection from fire (left hand)
Scrolls
 f - 6 scrolls of identify
 g - a scroll of amnesia
 h - a scroll of vulnerability {unknown}
 s - a scroll of butterflies {unknown}


   Skills:
 + Level 0.6 Fighting
 + Level 0.5(0.6) Short Blades
 + Level 0.2(0.4) Long Blades
 + Level 1.7 Dodging
 + Level 1.8 Stealth
 * Level 3.0 Spellcasting
 * Level 4.8 Necromancy


You had 7 spell levels left.
You knew the following spells:

 Your Spells              Type           Power      Damage    Failure   Level
a - Necrotise             Necr           100%       1d9       3%          1

Your spell library contained the following spells:

 Spells                   Type           Power      Damage    Failure   Level
 Vampiric Draining        Necr           26%        2d7       10%         3
 Animate Dead             Necr           26%        N/A       32%         4
 Agony                    Necr           26%        N/A       67%         5


Dungeon Overview and Level Annotations

Branches:
Dungeon (3/15)

Altars:

Annotations:
D:3 Sigmund


Innate Abilities, Weirdness & Mutations

You are immune to poison.
Your flesh is cold resistant. (rC+)
You are immune to negative energy. (rN+++)
You are immune to unholy pain and torment.
You are vulnerable to heat. (rF-)
You are in touch with the powers of death.
You do not drink.
You have a special connection with the divine. (Faith)


Message History

Sigmund the Dreaded comes into view.
He is wielding a +0 scythe.
Sigmund shouts!
A worm comes into view.
An adder comes into view.
The adder hisses angrily.
You hit the dart slug.
The dart slug is severely wounded.
The dart slug bites you. Sigmund misses you.
You slash the dart slug!
You kill the dart slug!
Sigmund hits you from afar with a +0 scythe.
The adder bites you. The adder closely misses you. Sigmund closely misses you.
You see here a dart slug corpse.
You completely miss Sigmund. The adder bites you.
You barely miss Sigmund. The adder bites you.
Sigmund gestures at you while chanting. The puff of flame hits you!
* * * LOW HITPOINT WARNING * * *
The adder bites you but does no damage. Sigmund misses you.
The adder completely misses you. The adder attacks as you move away!
The adder barely misses you. The adder attacks as you move away!
The adder bites you.
* * * LOW HITPOINT WARNING * * *
Sigmund mumbles some strange words.
Sigmund flickers and vanishes!
Deactivating autopickup; reactivate with Ctrl-A.
The adder bites you.
* * * LOW HITPOINT WARNING * * *
You see here a scroll labelled RUMUTU TOCZEU.
As you read the scroll labelled RUMUTU TOCZEU, it crumbles to dust.
It is a scroll of identify.
g - a scroll of amnesia The adder barely misses you.
As you read the scroll labelled KOKLOG BY VAA, it crumbles to dust.
You feel aware of your surroundings.
You sensed 1 altar.
It was a scroll of magic mapping.
The adder barely misses you.
As you read the scroll labelled DUICEALEIBB, it crumbles to dust.
The creatures around you are filled with an inner flame!
It was a scroll of immolation.
The adder closely misses you. Something hits you.
You die...

**,***,,,,,,,,,* *,*
**,,,##.........# *,*
##,***.#.......#.###,* #..*
*,)...,..(....,,*
*..#**,#..#*......,,,*
******,#..,*#..#*#...#***,*
,,,,,#.##.###..# #..## *,*
****.#...(..#..###†..####.*
*,#......†.w.S@..#......*
**.######"#.##.#...#**,,*
*** #.#.##.#.### *,,*
#.#.##.#.# *,,* #.#....†.#
*,,* ### #.####...# *,,*
>.# #.# #.#.# *,,* #.# #.#
#.#.# *,,* #.# #.# #.#.#
*,,#


You could see a worm (inner flame) and an adder (inner flame).

Vanquished Creatures
  5 dart slugs
  3 endoplasms
  2 giant cockroaches
  4 goblins
  3 hobgoblins (D:1)
  5 jackals
  8 kobolds
  3 ball pythons
  7 bats
  2 frilled lizards
  3 rats (D:2)
45 creatures vanquished.

Notes
Turn   | Place    | Note
-------+----------+-------------------------------------------
     0 | D:1      | gzilladon the Mummy Necromancer began the quest for the
                  | Orb.
     0 | D:1      | Reached XP level 1. HP: 13/13 MP: 4/4
   267 | D:1      | Reached XP level 2. HP: 15/19 MP: 5/5
   857 | D:1      | You fall into a shaft and drop 1 floor!
  1246 | D:1      | Found a faded altar of an unknown god.
  1364 | D:1      | Gained mutation: You are in touch with the powers of death.
                  | [Mummy growth]
  1364 | D:1      | Reached XP level 3. HP: 19/24 MP: 7/7
  3358 | D:3      | Noticed Sigmund
  3373 | D:3      | Slain by Sigmund

Illustrated notes

Levels and vault maps discovered:
D:1:      wheals_arrival_linesprint, layout_loops_corners,
          basic_ecumenical_altar, chequers_serial_rivers_micro_c
D:2:      layout_basic
D:3:      layout_loops_ring, grunt_dithmenos_smoke, uniq_jessica, uniq_sigmund

Skill      XL: |  1  2  3 |
---------------+----------+-----
Spellcasting   | 3 |  3.0
Fighting       | |  0.6
Short Blades   | |  0.5
Long Blades    | |  0.2
Dodging        | |  1.7
Stealth        | |  1.8
Necromancy     | |  4.8

Action                   || total
-------------------------++-------
Melee: Unarmed           ||     9
       Short sword       ||   113
       Punch             ||     2
       Long sword        ||    42
  Use: Scroll            ||     3
 Stab: Sleeping          ||     4
Armor: Robe              ||    27
       Leather armour    ||    14
Dodge: Dodged            ||   110

Table legend: (Time is in decaauts)
 A = Elapsed time spent in this place.
 B = Non-inter-level travel time spent in this place.
 C = Inter-level travel time spent in this place.
 D = Time resting spent in this place.
 E = Time spent auto-exploring this place.
 F = Levels seen in this place.
 G = Mean time per level.
                   A        B        C        D        E       F      G
               +--------+--------+--------+--------+--------+-----+--------+
         Total |   3385 |   2886 |    499 |   1145 |      0 |   3 | 1128.3 |
       Dungeon |   3385 |   2886 |    499 |   1145 |      0 |   3 | 1128.3 |
               +--------+--------+--------+--------+--------+-----+--------+

Top non-repeatable levels by time:
     D:1: 1912 daAuts
     D:2: 1151 daAuts
     D:3: 322 daAuts
